 Dungeon Crawl Stone Soup version 0.28-a0-1555-g9ae15a6949 (webtiles) character file.

Game seed: 2617007176249653425

20 Pin the Chopper (level 2, 26/26 HPs)
             Began as a Hill Orc Monk on Jan 19, 2022.
             Was a Believer of Uskayaw.
             Quit the game on level 1 of the Dungeon.
             The game lasted 00:00:57 (1031 turns).

Pin the Chopper (Hill Orc Monk)                     Turns: 1031, Time: 00:00:57

Health: 26/26      AC:  3    Str: 13    XL:     2   Next: 79%
Magic:  2/2        EV: 12    Int: 10    God:    Uskayaw [**....]
Gold:   6          SH:  0    Dex: 13    Spells: 1/1 levels left

rFire   . . .      SeeInvis .   a - +0 hand axe
rCold   . . .      Faith    .   (no shield)
rNeg    . . .      Spirit   .   c - +0 leather armour
rPois   .          Reflect  .   (no helmet)
rElec   .          Harm     .   (no cloak)
rCorr   .          Rampage  .   (no gloves)
Will    .....                   (no boots)
Stlth   ++........              (no amulet)
HPRegen 0.08/turn               (no ring)
MPRegen 0.08/turn               (no ring)

@: no status effects
A: no striking features
a: Renounce Religion, Stomp, Line Pass


You were on level 1 of the Dungeon.
You worshipped Uskayaw.
Uskayaw was noncommittal.
You visited 1 branch of the dungeon, and saw 1 of its levels.

You collected 6 gold pieces.

Inventory:

Hand Weapons
 a - a +0 hand axe (weapon)
Armour
 c - a +0 leather armour (worn)
Scrolls
 b - 3 scrolls of holy word {unknown}
 d - a scroll of amnesia {unknown}


   Skills:
 - Level 3.6 Fighting
 - Level 4.0 Axes
 + Level 2.6 Armour
 - Level 2.4 Dodging
 - Level 1.5 Stealth


You had one spell level left.
You didn't know any spells.
Your spell library was empty.

Dungeon Overview and Level Annotations

Branches:
Dungeon (1/15)

Altars:
Uskayaw


Message History

Found 20 sling bullets.
No target in view!
A frilled lizard comes into view.
You see here 6 gold pieces.
Found a faded altar of an unknown god.
You enter the shallow water.
Moving in this stuff is going to be slow.
Found a scroll labelled UJIS VIUZAGYURR.
The frilled lizard barely misses you.
You barely miss the frilled lizard. The frilled lizard closely misses you.
You hit the frilled lizard.
You kill the frilled lizard!
No target in view!
No target in view!
No target in view!
No target in view!
No target in view!
No target in view!
No target in view!
No target in view!
No target in view!
No target in view!
No target in view!
No target in view!
No target in view!
No target in view!
No target in view!
No target in view!
You now have 6 gold pieces.
You enter the shallow water.
Moving in this stuff is going to be slow.
There is a faded altar of an unknown god here.
d - a scroll labelled UJIS VIUZAGYURR
There is a faded altar of an unknown god here.
You cannot tell which god this altar belongs to.
Convert to them anyway?
Uskayaw accepts your prayer! Uskayaw welcomes you!
You can now stomp with the beat.
You can now pass through a line of other dancers.
Are you sure you want to abandon this character and quit the game? (Confirm with "yes".)

###### ########.......
##########≈......≈.≈≈≈.#
...........≈≈≈≈≈≈..≈≈..#
#.########≈≈≈≈≈≈≈≈≈≈≈≈≈#
...#######≈.≈≈≈≈≈≈≈≈≈≈.#
...........≈≈≈≈≈≈≈≈≈≈≈.#
...#######..≈≈≈.≈.≈≈≈..#
#.## #.≈≈≈≈.@.≈≈≈≈.#
P.### #.≈≈≈≈≈..≈≈≈.≈#
♣..P# #≈.≈≈≈≈≈≈≈≈≈..#
♣.PP.# #≈≈≈≈≈≈≈≈≈≈≈≈≈#
P♣♣♣..# #≈.≈≈≈≈≈≈≈≈≈.≈#
...P.## #.≈≈≈≈≈≈≈≈≈.≈≈..
...# # #....≈..≈.≈...##
.#.# ###.###########
.#.## #.


There were no monsters in sight!

Vanquished Creatures
  A gnoll (D:1)
  2 bats (D:1)
  2 endoplasms (D:1)
  2 goblins (D:1)
  3 frilled lizards (D:1)
10 creatures vanquished.

Notes
Turn   | Place    | Note
-------+----------+-------------------------------------------
     0 | D:1      | Pin the Hill Orc Monk began the quest for the Orb.
     0 | D:1      | Reached XP level 1. HP: 19/19 MP: 1/1
    34 | D:1      | Reached skill level 1 in Armour
   134 | D:1      | Reached XP level 2. HP: 11/26 MP: 2/2
   993 | D:1      | Found a faded altar of an unknown god.
  1030 | D:1      | Prayed at the altar of an unknown god.
  1030 | D:1      | Became a worshipper of Uskayaw the Reveller
  1030 | D:1      | Reached * piety under Uskayaw
  1030 | D:1      | Reached ** piety under Uskayaw
  1031 | D:1      | Quit the game

Illustrated notes

Levels and vault maps discovered:
D:1:      ebering_trefoil_3fold, layout_loops_ring, serial_forest,
          infiniplex_forest_lined_ring, infiniplex_forest_straight_5,
          infiniplex_forest_straight_2, infiniplex_forest_clump_long,
          infiniplex_forest_straight_2, chequers_ecumenical_altar_island

Skill      XL: |  1 |
---------------+----+-----
Armour         | 2 |  2.6
Fighting       | |  3.6
Axes           | |  4.0
Dodging        | |  2.4
Stealth        | |  1.5

Action                   || total
-------------------------++-------
Melee: Hand axe          ||    37
 Stab: Sleeping          ||     1
Armor: Robe              ||     2
       Leather armour    ||     8
Dodge: Dodged            ||    28

Table legend: (Time is in decaauts)
 A = Elapsed time spent in this place.
 B = Non-inter-level travel time spent in this place.
 C = Inter-level travel time spent in this place.
 D = Time resting spent in this place.
 E = Time spent auto-exploring this place.
 F = Levels seen in this place.
 G = Mean time per level.
                   A        B        C        D        E       F      G
               +--------+--------+--------+--------+--------+-----+--------+
         Total |   1038 |   1038 |      0 |    386 |    543 |   1 | 1038.0 |
       Dungeon |   1038 |   1038 |      0 |    386 |    543 |   1 | 1038.0 |
               +--------+--------+--------+--------+--------+-----+--------+

Top non-repeatable levels by time:
     D:1: 1038 daAuts
